 Dungeon Crawl Stone Soup version 0.30.0-13-g156ef70053 (webtiles) character file.

Game seed: 6762520987569072178

547 hawla the Firebug (level 6, -1/46 HPs)
             Began as a Demigod Fire Elementalist on May 18, 2023.
             Slain by a lemure (4 damage)
             ... led by Pikel
             ... on level 4 of the Dungeon.
             The game lasted 00:08:32 (4004 turns).

hawla the Firebug (Demigod Fire Elementalist)       Turns: 4004, Time: 00:08:33

Health: -1/46      AC:  5    Str:  7 (9)  XL:     6   Next: 78%
Magic:  2/13       EV: 12    Int: 24 (25) God:
Gold:   197        SH:  0    Dex: 13 (14) Spells: 4/11 levels left

rFire   + . .        f - +0 flail
rCold   + . .        (no shield)
rNeg    . . .        b - +2 robe {Will+}
rPois   +            (helmet restricted)
rElec   +            m - +0 cloak
rCorr   +            (no gloves)
SInv    .            (no boots)
Will    +....        (no amulet)
Stlth   ++           (no ring)
HPRegen 0.27/turn    (no ring)
MPRegen 0.13/turn

%: no passive effects
@: resistant
A: high MP 1, forlorn, divine attributes, horns 1
a: no special abilities


You were on level 4 of the Dungeon.
You visited 1 branch of the dungeon, and saw 4 of its levels.

You collected 197 gold pieces.

Inventory:

Hand Weapons
 f - a +0 flail (weapon)
Missiles
 d - a throwing net
 h - 6 poisoned darts (quivered)
 o - 4 curare-tipped darts
Armour
 b - a +2 robe of willpower (worn)
 m - a +0 cloak (worn)
Scrolls
 p - a scroll of butterflies {unknown}
 q - a scroll of identify
Potions
 c - 2 potions of brilliance
 e - 3 potions of flight
 g - a potion of mutation
 k - a potion of haste {unknown}
 l - 2 potions of attraction {unknown}
 n - a potion of ambrosia {unknown}


   Skills:
 - Level 0.3 Fighting
 + Level 2.1 Maces & Flails
 + Level 1.2 Throwing
 - Level 2.1 Dodging
 - Level 2.1 Stealth
 - Level 3.2 Spellcasting
 - Level 4.0 Conjurations
 - Level 4.0 Fire Magic


You had 4 spell levels left.
You knew the following spells:

 Your Spells              Type           Power      Damage    Failure   Level
a - Foxfire               Conj/Fire      92%        2x1d8     1%          1
b - Scorch                Fire           46%        2d7       3%          2
c - Flame Wave            Conj/Fire      23%        2d8       21%         4

Your spell library contained the following spells:

 Spells                   Type           Power      Damage    Failure   Level
 Summon Small Mammal      Summ           12%        N/A       11%         1
 Inner Flame              Hex/Fire       13%        N/A       14%         3
 Volatile Blastmotes      Fire/Tloc      26%        2d12      14%         3
 Call Canine Familiar     Summ           3%         N/A       32%         3
 Ozocubu's Armour         Ice            3%         N/A       32%         3
 Summon Guardian Golem    Hex/Summ       3%         N/A       32%         3
 Metabolic Englaciation   Hex/Ice        1%         N/A       96%         5
 Simulacrum               Ice/Necr       1%         N/A       100%        6


Dungeon Overview and Level Annotations

Branches:
Dungeon (4/15)
 Temple: D:4-7

Annotations:
D:4 Pikel


Innate Abilities, Weirdness & Mutations

You have an increased reservoir of magic. (+10% MP)
You shall have no god before yourself.
Your divine heritage dramatically boosts your attributes as you level up.
You have a pair of small horns on your head.


Message History

Pikel shouts!
The hound bites you. The hound attacks as you move away!
The hound bites you but does no damage. The hound misses you.
The hound attacks as you move away! The hound closely misses you.
The hound bites you. The hound misses you.
Casting: Foxfire (safe; 1% risk of failure)
Confirm with . or Enter, or press ? or * to list all spells.
You conjure some foxfire!
The hound closely misses you. The hound bites you.
You closely miss the hound.
The foxfire hits the hound.
The hound is lightly wounded.
The foxfire hits the hound!
The hound is heavily wounded.
The hound bites you.
* * * LOW HITPOINT WARNING * * *
The hound bites you.
* * * LOW HITPOINT WARNING * * *
It was a potion of mutation.
You feel extremely strange. A pair of horns grows on your head!
The hound barely misses you.
It was a potion of degeneration.
There was something very wrong with that liquid.
You feel weakened.
You feel dopey.
You feel clumsy. The hound closely misses you. The lemure misses you.
The hound bites you.
* * * LOW HITPOINT WARNING * * *
It was a potion of cancellation.
Your magical effects are unravelling.
You feel magically purged.
You flicker back into view.
The lemure shouts!
The lemure hits you.
* * * LOW HITPOINT WARNING * * *
The hound bites you but does no damage.
It was a potion of resistance.
You feel protected. The hound misses you. The lemure hits you.
* * * LOW HITPOINT WARNING * * *
The lemure hits you.
You die...

#####.# # ..)...# .#
#.######## ##### .#
.........####...##.###
####..........#......#
# #####..#....5...# #
#...5..5h@..# #
##.#....5...# #
###.##.......# #
##.†.###...#..# #
##...5.###.##..# ##
###...55..##.# ..#...
#....K.5..##.##....##
+.#.........#.#.#.#.#
####.....###.........


You could see 4 lemures and a hound.

Vanquished Creatures
  Sigmund (D:2)
  An ogre (D:4)
  A howler monkey (D:4)
  Jessica (D:2)
  A sleepcap (D:4)
  2 orc wizards (D:3)
  Terence (D:3)
  3 gnolls (D:3)
  4 adders
  A shadow imp (D:3)
  2 worms
  4 orcs
  4 bats
  10 endoplasms
  5 giant cockroaches
  5 goblins
  5 hobgoblins
  3 kobolds
  2 quokkas
  5 ball pythons
  4 frilled lizards
  2 rats (D:1)
67 creatures vanquished.

Vanquished Creatures (collateral kills)
  2 foxfires (D:2)
2 creatures vanquished.

Vanquished Creatures (others)
  156 foxfires
156 creatures vanquished.

Grand Total: 225 creatures vanquished

Notes
Turn   | Place    | Note
-------+----------+-------------------------------------------
     0 | D:1      | hawla the Demigod Fire Elementalist began the quest for the
                  | Orb.
     0 | D:1      | Reached XP level 1. HP: 14/14 MP: 5/5
   629 | D:1      | Reached XP level 2. HP: 20/20 MP: 5/7
   763 | D:1      | Learned a level 2 spell: Scorch
  1339 | D:2      | Reached skill level 1 in Conjurations
  1466 | D:2      | Reached XP level 3. HP: 26/26 MP: 3/8
  1652 | D:2      | Identified the +2 leather armour "Soupn" {Harm rElec rPois}
  1778 | D:2      | Noticed Sigmund
  1786 | D:2      | Killed Sigmund
  1787 | D:2      | Reached XP level 4. HP: 25/33 MP: 4/11
  1787 | D:2      | Reached XP level 5. HP: 29/38 MP: 4/12
  2096 | D:2      | Learned a level 4 spell: Flame Wave
  2377 | D:2      | Noticed Jessica
  2381 | D:2      | Killed Jessica
  2677 | D:3      | Noticed Terence
  2716 | D:3      | Killed Terence
  2833 | D:3      | Reached XP level 6. HP: 46/46 MP: 10/13
  3889 | D:4      | Reached skill level 1 in Maces & Flails
  3889 | D:4      | Reached skill level 1 in Throwing
  3972 | D:4      | Noticed Pikel
  4001 | D:4      | Gained mutation: You have a pair of small horns on your
                  | head. [potion of mutation]
  4004 | D:4      | Slain by a lemure

Illustrated notes

Levels and vault maps discovered:
D:1:      tarquinn_simple_flora_water_e, layout_basic, serial_rivers,
          chequers_serial_rivers_large_a, chequers_serial_rivers_large_b,
          chequers_serial_rivers_micro_d, chequers_serial_rivers_micro_a
D:2:      layout_loops_ring, chequers_big_river, uniq_sigmund, uniq_jessica
D:3:      layout_basic, skrybe_limestone_x, grunt_ministairs_2, uniq_terence
D:4:      layout_loops_ring, minmay_temple_entry_enclosed_plants, minivault_25,
          st_stairs_10, uniq_pikel

Skill      XL: |  1  2  3  4  5  6 |
---------------+-------------------+-----
Dodging        | 2 |  2.1
Fire Magic     | 3 4 |  4.0
Spellcasting   | 2 3 |  3.2
Conjurations   | 1 2 3 4 |  4.0
Stealth        | 2 |  2.1
Maces & Flails | 2 |  2.1
Throwing       | 1 |  1.2
Fighting       | |  0.3

Action                     |  1- 3 |  4- 6 || total
---------------------------+-------+-------++-------
  Melee: Unarmed           |     6 |     2 ||     8
         Flail             |       |    20 ||    20
         Punch             |       |     1 ||     1
  Throw: Dart              |       |     2 ||     2
   Cast: Foxfire           |    50 |    44 ||    94
         Scorch            |     8 |    18 ||    26
         Flame Wave        |       |     3 ||     3
    Use: Scroll            |     1 |     1 ||     2
         Potion            |     1 |     6 ||     7
   Stab: Sleeping          |       |     1 ||     1
 Armour: Robe              |       |    19 ||    19
  Dodge: Dodged            |     7 |    28 ||    35
